 Dungeon Crawl Stone Soup version 0.21-a0-529-g8c7b3f5 (webtiles) character file.

194 Gerstahl the Skirmisher (level 5, 0/34 HPs)
             Began as a Gargoyle Monk on Dec 9, 2017.
             Slain by an orc priest
             ... wielding a +0 flail
              (1 damage)
             ... on level 3 of the Dungeon.
             The game lasted 00:02:41 (1948 turns).

Gerstahl the Skirmisher (Gargoyle Monk)             Turns: 1948, Time: 00:02:41

Health: 0/34       AC: 10    Str: 19    XL:     5   Next: 73%
Magic:  5/5        EV: 10    Int: 11    God:
Gold:   118        SH:  0    Dex: 13    Spells: 4/4 levels left

rFire    . . .     SeeInvis .   a - +0 falchion
rCold    . . .     Gourm    .   (no shield)
rNeg     + . .     Faith    .   j - +0 scale mail
rPois    ∞         Spirit   .   (no helmet)
rElec    +         Reflect  .   (no cloak)
rCorr    .         Harm     .   (no gloves)
MR       .....                  (no boots)
Stlth    +.........             (no amulet)
HPRegen  0.11/turn              (no ring)
MPRegen  0.09/turn              (no ring)

@: mighty
A: negative energy resistance 1, electricity resistance, unbreathing,
petrification resistance, rot immunity, AC +4
a: no special abilities


You were on level 3 of the Dungeon.
You were not hungry.

You visited 1 branch of the dungeon, and saw 3 of its levels.

You collected 118 gold pieces.

Inventory:

Hand Weapons
 a - a +0 falchion (weapon)
Armour
 b - a +0 robe
 j - a +0 scale mail (worn)
Jewellery
 e - a cursed -2 ring of intelligence {unknown}
Scrolls
 d - 2 scrolls of remove curse {unknown}
 f - 5 scrolls of identify {unknown}
 h - 2 scrolls of teleportation {unknown}
 l - a scroll of magic mapping {unknown}
 o - a scroll of amnesia {unknown}
Potions
 i - a potion of brilliance {unknown}
Comestibles
 c - 4 bread rations
 n - a meat ration


   Skills:
 + Level 4.9 Fighting
 + Level 4.1 Long Blades
 + Level 2.5 Armour
 - Level 2.4 Dodging
 - Level 2.1 Stealth


You had 4 spell levels left.
You didn't know any spells.

Dungeon Overview and Level Annotations

Branches:
Dungeon (3/15)

Altars:
Makhleb

Annotations:
D:3 Natasha; teton's ghost, amateur DrFE


Innate Abilities, Weirdness & Mutations

You are resistant to torment.
Your stone body is resilient. (AC +4)
You are immune to poison.
You resist negative energy. (rN+)
You are resistant to electric shocks. (rElec)
You can survive without breathing.
You are immune to petrification.
You are immune to rotting.


Message History

You feel a bit more experienced.
The orc wizard gestures wildly while chanting.
The orc wizard blinks!
The orc wizard barely misses you. The orc hits you but does no damage.
You slash the orc wizard!
You kill the orc wizard!
The orc hits you.
You slash the orc!
You kill the orc!
The orc barely misses you.
You riposte.
Your scale mail prevents you from hitting the orc.
The orc priest calls down the wrath of Beogh upon you.
Beogh smites you!
* * * LOW HITPOINT WARNING * * *
You slash the orc!
You kill the orc!
You slash the orc priest!
The orc priest is severely wounded.
The orc priest hits you with a flail.
You die...

######..##.....#.#
#5.# #.##......#.#
#..r #.##......#.#
#..h #.##........#
###. #.##.#.####.#
#5 #.##.#.## . #.
#.##....## ##
#.####[##..#..## #
#...o@...###..# #
#.####.##..#..## #
#.###...### ####
#.# ##....# #.##
#.# #..### #...
#.# #..# #.#. #.#
#..# #.#. ..# #.(#
#.#. #### ####


You could see an orc priest.

Vanquished Creatures
  A centaur zombie (D:3)
  2 orc wizards (D:3)
  4 adders
  2 oozes
  A leopard gecko (D:3)
  8 orcs (D:3)
  5 giant cockroaches (D:1)
  7 goblins
  4 hobgoblins (D:1)
  6 kobolds
  A quokka (D:2)
  10 bats
  3 frilled lizards
  3 rats
57 creatures vanquished.

Notes
Turn   | Place    | Note
-------+----------+-------------------------------------------
     0 | D:1      | Gerstahl the Gargoyle Monk began the quest for the Orb.
     0 | D:1      | Reached XP level 1. HP: 14/14 MP: 1/1
    85 | D:1      | Reached XP level 2. HP: 12/19 MP: 2/2
   633 | D:2      | Reached XP level 3. HP: 24/24 MP: 3/3
   726 | D:2      | Found a burning altar of Makhleb.
   890 | D:2      | Reached skill level 1 in Armour
  1241 | D:3      | Reached XP level 4. HP: 29/29 MP: 4/4
  1507 | D:3      | Noticed teton's ghost (amateur DrFE)
  1552 | D:3      | Reached XP level 5. HP: 25/34 MP: 5/5
  1589 | D:3      | Found a faded altar of an unknown god.
  1633 | D:3      | Noticed Natasha
  1946 | D:3      | HP: 1/34 [orc priest/divine providence (13)]
  1948 | D:3      | Slain by an orc priest

Vault maps used:
D:1:      lightli_iron_boxes
D:2:      old_standard_altar, first_bread
D:3:      lemuel_doored_altar, chequers_ecumenical_altar_simple_redux,
          dk_noncrumbling_2, uniq_natasha

Skill      XL: |  1  2  3  4  5 |
---------------+----------------+-----
Long Blades    | 3 4 |  4.1
Fighting       | 4 |  4.9
Armour         | 1 2 |  2.5
Dodging        | |  2.4
Stealth        | |  2.1

Action                   |  1- 3 |  4- 6 || total
-------------------------+-------+-------++-------
Melee: Falchion          |   102 |   117 ||   219
  Use: Potion            |       |     2 ||     2
 Stab: Sleeping          |     2 |       ||     2
  Eat: Chunk             |       |     2 ||     2
       Royal jelly       |       |     1 ||     1
Armor: Robe              |    32 |       ||    32
       Scale mail        |    16 |   108 ||   124
Dodge: Dodged            |    92 |    92 ||   184
       Rpst.: Falchion   |    37 |    21 ||    58

Table legend:
 A = Spawn XP
 B = Non-spawn XP
 C = Spawn XP percentage of total XP
 D = Spawn monster count
 E = Non-spawn monster count
 F = Spawn count percentage of total count
 G = Total turns spent on level
                    A         B        C        D         E        F      G
               +---------+---------+-------+---------+---------+-------+---------
         Total |       0 |     278 |   0.0 |       0 |      57 |   0.0 |  1948
               +---------+---------+-------+---------+---------+-------+---------
           D:1 |       0 |      33 |   0.0 |       0 |      19 |   0.0 |   628
           D:2 |       0 |      50 |   0.0 |       0 |      13 |   0.0 |   844
           D:3 |       0 |     195 |   0.0 |       0 |      25 |   0.0 |   476
               +---------+---------+-------+---------+---------+-------+---------
